 Dungeon Crawl Stone Soup version 0.31-a0-408-gb642c7f9a3 (webtiles) character file.

Game seed: 9848258522346021661

1189 LustLizard the Ruffian (level 8, -29/59 HPs)
             Began as an Octopode Shapeshifter on July 29, 2023.
             Was a Priest of Uskayaw.
             Killed from afar by Maggie (30 damage)
             ... with a bolt of fire
             ... on level 6 of the Dungeon on July 30, 2023.
             The game lasted 00:10:16 (4875 turns).

LustLizard the Ruffian (Octopode Shapeshifter)      Turns: 4875, Time: 00:10:19

Health: -29/59     AC:  1    Str: 26    XL:     8   Next: 43%
Magic:  10/10      EV: 13    Int: 13    God:    Uskayaw [***...]
Gold:   541        SH:  0    Dex: 18    Spells: 7/7 levels left

rFire   . .          .
                       - Unarmed
rCold   . . .        (no shield)
rNeg    . . .        (helmet currently unavailable)
rPois   .            t - amulet of faith
rElec   .            e - +6 ring of strength
rCorr   .            h - +6 ring of strength
SInv    .            o - +6 ring of dexterity
Will    +....        p - ring of willpower
Stlth   ++++         (no ring)
HPRegen 0.29/turn    (no ring)
MPRegen 0.12/turn    (no ring)
                     (no ring)

%: faith
@: brilliant, beast-form, invisible
A: beast (slay +3), almost no armour, amphibious, 8 rings, camouflage 1,
gelatinous body 1, (nimble swimmer 1), tentacles, robust 1
a: Begin Untransformation, Renounce Religion, Stomp, Line Pass


You were on level 6 of the Dungeon.
You worshipped Uskayaw.
Uskayaw was noncommittal.
You were a hulking beast.
You visited 1 branch of the dungeon, and saw 6 of its levels.

You collected 541 gold pieces.

Inventory:

Missiles
 q - a throwing net
 x - 4 poisoned darts
Jewellery
 e - a +6 ring of strength (left tentacle)
 h - a +6 ring of strength (right tentacle)
 l - an amulet of magic regeneration
 o - a +6 ring of dexterity (on tentacle)
 p - a ring of willpower (on tentacle)
 t - an amulet of faith (around mantle)
Talismans
 b - a beast talisman
 d - a storm talisman
 u - a maw talisman
Wands
 y - a wand of roots (8)
Scrolls
 c - 2 scrolls of teleportation
 f - 3 scrolls of identify {unknown}
 g - 2 scrolls of enchant weapon
 m - a scroll of poison {unknown}
 n - a scroll of enchant armour
 r - a scroll of noise {unknown}
 s - a scroll of blinking {unknown}
 v - a scroll of revelation {unknown}
Potions
 j - a potion of cancellation
 k - a potion of brilliance
 w - a potion of mutation


   Skills:
 + Level 4.0 Fighting
 - Level 2.0 Dodging
 - Level 3.6 Stealth
 * Level 6.5 Unarmed Combat
 + Level 3.4 Invocations
 * Level 5.2 Shapeshifting


You had 7 spell levels left.
You didn't know any spells.
Your spell library contained the following spells:

 Spells                   Type           Power      Damage    Failure   Level
 Freeze                   Ice            0%         1d3       30%         1
 Kiss of Death            Conj/Necr      0%         2d5       30%         1
 Ensorcelled Hibernation  Hex/Ice        0%         N/A       43%         2
 Lesser Beckoning         Tloc           0%         N/A       43%         2
 Confusing Touch          Hex            0%         N/A       67%         3
 Frozen Ramparts          Ice            0%         1d1       67%         3
 Gell's Gravitas          Tloc           0%         N/A       67%         3
 Hailstorm                Conj/Ice       0%         3d3       67%         3
 Portal Projectile        Hex/Tloc       0%         N/A       67%         3
 Teleport Other           Tloc           0%         N/A       67%         3
 Tukima's Dance           Hex            0%         N/A       67%         3
 Anguish                  Hex/Necr       0%         N/A       97%         4
 Dispel Undead            Necr           0%         3d6       97%         4
 Iskenderun's Mystic Bla  Conj/Tloc      0%         2d3       97%         4
 Summon Forest            Summ/Tloc      0%         N/A       100%        5
 Eringya's Noxious Bog    Tmut/Pois      0%         4d6       100%        6
 Summon Hydra             Summ           0%         N/A       100%        7


Dungeon Overview and Level Annotations

Branches:
Dungeon (6/15)             Temple (0/1) D:5

Altars:
Elyvilon
Uskayaw
Zin

Annotations:
D:1 1 transporter
D:6 Maggie


Innate Abilities, Weirdness & Mutations

You are a hulking beast.
Your limbs bulge with bestial killing power. (Slay +3)
You cannot wear most types of armour.
You are amphibious.
You can wear up to eight rings at the same time.
Your skin changes colour to match your surroundings (Stealth+).
Your rubbery body absorbs attacks. (AC +1, EV +1)
((You are camouflaged when in or above water. (Stealth+)))
You have tentacles for arms and can constrict up to eight enemies at once.
You are robust. (+10% HP)


Message History

Maggie is lightly wounded.
You smack Maggie!
Maggie is lightly wounded.
Maggie points at you and mumbles some strange words.
The bolt of fire hits you. Something hits you but does no damage.
You closely miss Maggie.
Maggie is lightly wounded.
Maggie casts a spell at you. The bolt of fire hits you!
* * * LOW HITPOINT WARNING * * *
Something hits you but does no damage.
You barely miss Maggie.
Maggie is lightly wounded.
Maggie hits you but does no damage.
You hear some strange, mumbled words.
A magic dart appears from out of thin air!
The magic dart hits you but does no damage.
It was a potion of cancellation.
Your magical effects are unravelling.
You feel magically purged.
You feel less wooden.
You turn into a hulking beast.
Maggie closely misses you. Something barely misses you.
It was a potion of mutation.
You feel extremely strange.
You feel robust. Maggie hits you with a +0 long sword!
* * * LOW HITPOINT WARNING * * *
Something hits you.
* * * LOW HITPOINT WARNING * * *
It was a potion of brilliance.
You feel clever all of a sudden. Maggie closely misses you. Something hits you.
* * * LOW HITPOINT WARNING * * *
It was a potion of invisibility.
You fade into invisibility!
Maggie says, "If you die in the Dungeon, but nobody's around to see it, does it really matter?"
Maggie points at you and mumbles some strange words.
The bolt of fire hits you!!
Ouch! That really hurt!
You die...

#.# #.# #.#.## #.#
####.# #.#..####
#.#
#....###.##....#
#.#
#........##.....#
### ######.#
##...###..#.......#
..###....#.###....#
#........>.#
..o##....#.##.....#
##.#.......#
.........#..#.#{@.#
#.#......##
..##......))o.##h##
#.#.....?.
.....†@..##.####.#
#.#.......#
..###†...@.....#..
#D# ....
..##.†...##....####
#.# ....
.........###.>.#
..######## #####
###


You could see Maggie (unable to see you).

Vanquished Creatures
  A sky beast (D:6)
  An ogre (D:5)
  A bullfrog (D:6)
  3 scorpions
  4 wights
  A howler monkey (D:6)
  A hound (D:6)
  2 jellies
  3 orc priests
  Terence (D:3)
  An iguana (D:5)
  2 orc wizards
  7 gnolls
  8 adders
  A shadow imp (D:6)
  2 dart slugs (D:1)
  20 orcs
  2 ball pythons
  8 endoplasms
  6 hobgoblins
  13 jackals
  5 kobolds
  6 quokkas
  5 bats
  4 frilled lizards
  3 goblins
  4 rats
115 creatures vanquished.

Notes
Turn   | Place    | Note
-------+----------+-------------------------------------------
     0 | D:1      | LustLizard the Octopode Shapeshifter began the quest for
                  | the Orb.
     0 | D:1      | Reached XP level 1. HP: 13/13 MP: 1/1
    64 | D:1      | Reached XP level 2. HP: 15/18 MP: 2/2
    70 | D:1      | Reached skill level 1 in Stealth
   373 | D:1      | Reached XP level 3. HP: 23/23 MP: 3/3
   997 | D:2      | Reached XP level 4. HP: 27/29 MP: 4/4
  1135 | D:2      | Reached skill level 4 in Unarmed Combat
  1626 | D:3      | Noticed a scorpion
  1658 | D:3      | Noticed a +0 hand axe
  1660 | D:3      | Noticed a +0 hand axe
  1671 | D:3      | Reached XP level 5. HP: 34/34 MP: 5/5
  1675 | D:3      | Found a hide-covered altar of Uskayaw.
  1682 | D:3      | Became a worshipper of Uskayaw the Reveller
  1743 | D:3      | Found a faded altar of an unknown god.
  1821 | D:3      | Reached * piety under Uskayaw
  2028 | D:3      | Reached ** piety under Uskayaw
  2113 | D:3      | Noticed Terence
  2128 | D:3      | Killed Terence
  2131 | D:3      | Reached *** piety under Uskayaw
  2137 | D:3      | Reached **** piety under Uskayaw
  2185 | D:3      | Reached skill level 1 in Invocations
  2187 | D:3      | Reached XP level 6. HP: 36/41 MP: 6/6
  2891 | D:4      | Reached skill level 5 in Unarmed Combat
  3120 | D:4      | Found a glowing silver altar of Zin.
  3205 | D:5      | Entered Level 5 of the Dungeon
  3206 | D:5      | Upgraded the game from 0.31-a0-369-g8eba5f6939 to
                  | 0.31-a0-408-gb642c7f9a3
  3393 | D:5      | Reached XP level 7. HP: 36/46 MP: 8/8
  3531 | D:5      | Found a staircase to the Ecumenical Temple.
  4123 | D:5      | Found a white marble altar of Elyvilon.
  4324 | D:5      | Reached skill level 6 in Unarmed Combat
  4324 | D:5      | Reached XP level 8. HP: 53/53 MP: 8/10
  4663 | D:6      | Reached skill level 5 in Shapeshifting
  4849 | D:6      | Noticed Maggie
  4873 | D:6      | Gained mutation: You are robust. (+10% HP) [potion of
                  | mutation]
  4873 | D:6      | HP: 2/59 [something (3)]
  4875 | D:6      | Killed from afar by Maggie

Illustrated notes

Levels and vault maps discovered:
D:1:      spicycebolla_arrival_risky_transporter, layout_rooms,
          minmay_misc_feat_alley
D:2:      layout_basic
D:3:      wad_woods_settlement, layout_basic, dancing_weapons_uskayaw,
          shapermc_ecumenical_altar_petra, uniq_terence
D:4:      layout_cave_pools, zin_academy
D:5:      layout_cave_pools, elyvilon_altar_5, minmay_temple_entry_arrows,
          serial_bayou_pond_e, st_stairs_12
D:6:      layout_rooms, uniq_maggie

Skill      XL: |  1  2  3  4  5  6  7  8 |
---------------+-------------------------+-----
Stealth        | 1 2 3 |  3.6
Unarmed Combat | 4 5 6 |  6.5
Fighting       | 2 3 4 |  4.0
Invocations    | 1 2 3 |  3.4
Shapeshifting  | 4 5 |  5.2
Dodging        | |  2.0

Action                     |  1- 3 |  4- 6 |  7- 9 || total
---------------------------+-------+-------+-------++-------
  Melee: Unarmed           |    56 |   119 |    60 ||   235
         Constrict         |    12 |    32 |    15 ||    59
         Tentacles         |    10 |    25 |    12 ||    47
         Punch             |     2 |     7 |     4 ||    13
  Throw: Dart              |       |       |     4 ||     4
    Use: Scroll            |       |     2 |     1 ||     3
         Potion            |       |       |     5 ||     5
   Stab: Distracted        |     1 |     2 |     1 ||     4
         Sleeping          |     4 |     5 |     2 ||    11
         Paralysed         |       |     1 |     2 ||     3
 Armour: Skin              |     1 |     2 |    12 ||    15
  Dodge: Dodged            |    23 |    42 |    19 ||    84

Table legend: (Time is in decaauts)
 A = Elapsed time spent in this place.
 B = Non-inter-level travel time spent in this place.
 C = Inter-level travel time spent in this place.
 D = Time resting spent in this place.
 E = Time spent auto-exploring this place.
 F = Levels seen in this place.
 G = Mean time per level.
                   A        B        C        D        E       F      G
               +--------+--------+--------+--------+--------+-----+--------+
         Total |   4851 |   4716 |    135 |    875 |   2556 |   6 |  808.5 |
       Dungeon |   4851 |   4716 |    135 |    875 |   2556 |   6 |  808.5 |
               +--------+--------+--------+--------+--------+-----+--------+

Top non-repeatable levels by time:
     D:5: 1217 daAuts
     D:3: 1042 daAuts
     D:2: 852 daAuts
     D:4: 695 daAuts
     D:1: 688 daAuts
     D:6: 355 daAuts
